 Dungeon Crawl Stone Soup version 0.14-a0-1811-gdc2d5af (webtiles) character file.

335 4tharraofdagon the Twirler (level 5, 0/45 HPs)
             Began as a Demigod Gladiator on Jan 8, 2014.
             Slain by a centaur (4 damage)
             ... on Level 6 of the Dungeon.
             The game lasted 00:03:47 (956 turns).

4tharraofdagon the Twirler (Demigod Gladiator)       Turns: 956, Time: 00:03:47

HP   0/45        AC  9     Str 19      XL: 5   Next: 84%
MP   8/8         EV  7     Int 10      God:
Gold 44          SH  0     Dex 17      Spells:  0 memorised,  4 levels left

rFire  . . .     SeeInvis .     a - +0,-4 quarterstaff
rCold  . . .     Clarity  .     g - +0 chain mail
rNeg   . . .     Conserve .     (no shield)
rPois  .         rCorr    .     c - +0 helmet
rElec  .         rRot     .     (no cloak)
SustAb . .       Spirit   .     (no gloves)
rMut   .         Warding  .     (no boots)
Saprov . . .     Stasis   .     (no amulet)
                                x - ring of protection from magic {unknown}
                                j - cursed -3 ring of intelligence

@: quite resistant to hostile enchantments, extremely unstealthy
A: no striking features
a: no special abilities


You were on level 6 of the Dungeon.
You were not hungry.

You visited 1 branch of the dungeon, and saw 6 of its levels.

You collected 44 gold pieces.

Inventory:

Hand weapons
 a - a +0,-4 quarterstaff (weapon)
 k - a +1,+2 sling of velocity
Missiles
 l - 2 javelins (quivered)
 o - a throwing net [torn]
Armour
 b - a +0 leather armour
 c - a +0 helmet (worn)
 g - a +0 chain mail (worn)
 w - a +0 dwarven shield
Comestibles
 f - 2 bread rations
Scrolls
 d - a scroll of random uselessness {unknown}
 e - a scroll of teleportation {unknown}
 i - 4 scrolls of identify {unknown}
 m - a scroll of recharging {unknown}
 p - a scroll of blinking {unknown}
 q - a scroll of fear {unknown}
 r - 2 scrolls of enchant weapon II {unknown}
 s - a scroll of enchant weapon I {unknown}
 t - 2 scrolls of fog {unknown}
 u - a scroll of enchant armour {unknown}
Jewellery
 j - a cursed -3 ring of intelligence (left hand)
 x - a ring of protection from magic (right hand) {unknown}
 y - an uncursed ring of ice
Potions
 v - a potion of porridge


   Skills:
 + Level 3.1 Fighting
 * Level 4.5 Staves
 - Level 1.7 Throwing
 + Level 2.1 Armour
 + Level 3.5 Dodging


You had 4 spell levels left.
You didn't know any spells.

Dungeon Overview and Level Annotations

Branches:
Dungeon (6/16)
 Temple: D:4-7


Message History

The centaur is moderately wounded.
The centaur struggles against the net.
The net rips apart, and the centaur comes free!
The centaur hits you. The centaur hits you!
* * * LOW HITPOINT WARNING * * *
You hit the centaur.
The centaur is heavily wounded.
The centaur hits you.
* * * LOW HITPOINT WARNING * * *
You hit the centaur.
The centaur is heavily wounded.
The centaur hits you but does no damage.
The centaur hits you.
* * * LOW HITPOINT WARNING * * *
You hit the centaur.
The centaur is severely wounded.
The centaur hits you.
* * * LOW HITPOINT WARNING * * *
The centaur hits you.
You die...

### #.. #.#
#.# #.# #
#### #.# .#
#...##.###..#
#.<(.(@c..#
####.####.#
#.# #.# #.#
... ... ###


You could see a centaur.

Vanquished Creatures
  A jelly (D:5)
  A crimson imp (D:5)
  2 worker ants (D:5)
  2 orc wizards (D:5)
  A scorpion (D:5)
  A sky beast zombie (D:5)
  A worker ant zombie (D:5)
  2 adders (D:2)
  A worm (D:5)
  2 giant geckos
  An ooze (D:2)
  An orc (D:5)
  2 hobgoblins
  3 bats (D:5)
  A giant newt (D:2)
  4 goblins
  2 rats
  A rat skeleton (D:4)
29 creatures vanquished.

Notes
Turn   | Place    | Note
--------------------------------------------------------------
     0 | D:1      | 4tharraofdagon, the Demigod Gladiator, began the quest for the Orb.
     0 | D:1      | Reached XP level 1. HP: 17/17 MP: 2/2
    64 | D:2      | Reached skill level 3 in Staves
    64 | D:2      | Reached XP level 2. HP: 24/24 MP: 3/3
   391 | D:5      | Entered Level 5 of the Dungeon
   400 | D:5      | Reached skill level 1 in Armour
   400 | D:5      | Reached XP level 3. HP: 29/29 MP: 5/5
   459 | D:5      | Reached XP level 4. HP: 8/37 MP: 7/7
   751 | D:5      | Reached skill level 4 in Staves
   751 | D:5      | Reached XP level 5. HP: 36/44 MP: 8/8
   956 | D:6      | Slain by a centaur

Action                   |  1- 3 |  4- 6 || total
-------------------------+-------+-------++-------
Melee: Quarterstaff      |    43 |    82 ||   125
Throw: Throwing net      |     5 |     4 ||     9
       Javelin           |     1 |     6 ||     7
  Use: Potion            |       |     2 ||     2
 Stab: Held in net/web   |     1 |     3 ||     4
